Description

hydralisk ling

Replay - ZvX for Beginners

Build Order

Get SALT Encoding   

  12  0:05  Drone  
  13  0:13  Overlord  
  13  0:17  Drone  
  14  0:33  Drone x2  
  16  0:49  Hatchery  
  15  0:52  Drone x2  
  17  0:59  Drone  
  17  1:02  Extractor  
  17  1:16  Spawning Pool  
  17  1:18  Drone  
  17  1:24  Drone  
  18  1:32  Drone  
  21  2:03  Queen x2  
  21  2:05  Metabolic Boost  
  26  2:12  Zergling x4  
  28  2:20  Overlord  
  28  2:44  Hatchery  
  33  3:00  Overlord  
  34  3:11  Lair  
  42  3:30  Overlord  
  42  3:40  Baneling Nest  
  44  3:57  Extractor x2  
  44  3:59  Queen  
  51  4:14  Hydralisk Den  
  51  4:16  Overlord  
  55  4:28  Centrifical Hooks  
  58  4:37  Overseer  
  64  4:48  Grooved Spines  
  69  5:00  Extractor x2  
  67  5:13  Hatchery  
  73  5:29  Extractor  
  73  5:34  Pneumatized Carapace  
  77  5:58  Hatchery  
  77  6:00  Muscular Augments  
  77  6:10  Zergling x2  
  87  6:18  Zergling x14  
  87  6:23  Overseer x2  
  95  6:30  Queen  
  95  6:31  Hydralisk x7  
  118  6:48  Baneling x10  
  118  6:52  Hatchery  
  117  6:55  Hydralisk  
  119  7:13  Queen  
  121  7:17  Hydralisk x2  
  171  8:04  Queen  
  200  8:58  Evolution Chamber x2  
  200  9:02  Infestation Pit  
  179  9:22  Extractor x2  
  175  9:38  Zerg Melee Weapons Level 1  
  175  9:41  Zerg Ground Armor Level 1  
  175  9:43  Overseer  
Spawning Tool Build Advisor. Get it on Overwolf

Go to:

Details

  • Created by: Akashi
  • Published on: Dec 21, 2019
  • Modified on: Dec 21, 2019
  • Patch: 4.11.0
  • Difficulty: Easy
Show
View Real Time Build Order
Export as new Build Order

Comments (0)

There are no comments. Be the first!

Create an account to comment!